 Dungeon Crawl Stone Soup version 0.31.0-11-ge490571c62 (webtiles) character file.

Game seed: 10607629883446912668

947 Xavori the Slasher (level 8, 0/69 HPs)
             Began as a Djinni Chaos Knight on Jan 26, 2024.
             Was a Plaything of Xom.
             Slain by a kobold brigand
             ... wielding a +2 whip of electrocution
              (10 damage)
             ... in a sewer.
             The game lasted 00:05:29 (12067 turns).

Xavori the Slasher (Djinni Chaos Knight)           Turns: 12067, Time: 00:05:30

Health: 0/69       AC: 16    Str: 11      XL:     8   Next: 35%
Gold:   240        EV:  9    Int: 14      God:    Xom [..*...] SH:  0 Dex: 14 (15)

rFire   + + .        o - +3 falchion (holy)
rCold   x . .        (no shield)
rNeg    . . .        u - +6 scale mail "Irho" {Int+2}
rPois   ∞            (helmet restricted)
rElec   .            (no cloak)
rCorr   +            t - +0 pair of gloves
SInv    +            (boots unavailable)
Will    .....        (no amulet) Stlth
                     f - ring of resist corrosion
HPRegen 0.31/turn    h - ring of see invisible
MPRegen 0.00/turn

%: clarity, infuse magic (-1 HP)
@: flying
A: sickness immunity, fire resistance 2, cold vulnerability 1, float, innate
caster, HP casting, extra vitality 1, antennae 1, iridescent scales 1, clarity,
deterioration 1, dopey 1, robust 2
a: Renounce Religion


You were in a sewer.
You worshipped Xom.
You were a toy of Xom.
You visited 1 branch of the dungeon, and saw 5 of its levels.
You also visited: Sewer.

You collected 240 gold pieces.

Inventory:

Hand Weapons
 a - a +0 falchion of chaos
 o - a +3 falchion of holy wrath (weapon)
Missiles
 v - 2 throwing nets (quivered)
Armour
 b - a +2 leather armour
 t - a +0 pair of gloves (worn)
 u - the +6 scale mail "Irho" (worn) {Int+2}
   (You found it on level 3 of the Dungeon)

   Int+2:     It affects your intelligence (+2).
Jewellery
 f - a ring of resist corrosion (left hand)
 h - a ring of see invisible (right hand)
Wands
 n - a wand of flame (31)
Scrolls
 c - a scroll of butterflies
 e - 2 scrolls of teleportation {unknown}
 l - 2 scrolls of fear
 m - a scroll of brand weapon {unknown}
 p - 2 scrolls of enchant weapon
 s - 2 scrolls of vulnerability
 w - a scroll of immolation {unknown}
 x - a scroll of enchant armour {unknown}
 y - a scroll of identify
 z - a scroll of silence {unknown}
Potions
 d - a potion of degeneration {unknown}
 g - 2 potions of brilliance {unknown}
 i - a potion of mutation {unknown}
 k - a potion of attraction {unknown}
 q - a potion of cancellation {unknown}
 r - a potion of berserk rage {unknown}
 A - 2 potions of haste {unknown}
 B - a potion of heal wounds {unknown}
 C - a potion of magic {unknown}
Miscellaneous
 j - a lightning rod (4/4)


   Skills:
 + Level 4.2 Fighting
 + Level 5.6 Long Blades
 * Level 4.0 Armour
 + Level 3.3 Dodging
 * Level 2.1 Spellcasting
 * Level 2.1 Conjurations
 * Level 2.1 Hexes
 * Level 2.1 Summonings
 * Level 2.1 Necromancy
 * Level 2.1 Translocations
 * Level 2.1 Fire Magic
 * Level 2.1 Ice Magic
 * Level 2.1 Air Magic
 * Level 2.1 Earth Magic
 * Level 2.1 Alchemy
 * Level 3.2 Evocations


You knew the following spells:

 Your Spells              Type           Power      Damage    Failure   Level
a - Sting                 Conj/Alch      28%        1d4       47%         1
b - Call Imp              Summ           14%        N/A       63%         2
c - Stone Arrow           Conj/Erth      14%        3d7       85%         3
Your spell library was empty.

Dungeon Overview and Level Annotations

Branches:
Dungeon (5/15)             Temple (0/1) D:4           Sewer (1/1)

Altars:
Makhleb

Shops:
D:3 (

Annotations:
D:5 3 runed translucent doors, RancidPinata's ghost, weakling GrDe


Innate Abilities, Weirdness & Mutations

You are immune to sickness and miasma.
You are immune to poison.
Your flesh is very heat resistant. (rF++)
You are vulnerable to cold. (rC-)
You float through the air rather than walking.
You learn spells naturally, not from books.
Your magical power is your life essence.
You have superior vitality. (+4 MHP)
You have a pair of small antennae on your head.
You are partially covered in iridescent scales. (AC +2)
You possess an exceptional clarity of mind.
Your body sometimes deteriorates upon taking damage.
You are dopey. (Int -2)
You are very robust. (+20% HP)


Message History

The kobold hits you but does no damage.
You barely miss the kobold brigand.
The kobold brigand is severely wounded.
The kobold brigand hits you with a +2 whip of electrocution.
The kobold hits you but does no damage.
You hit the kobold brigand.
The kobold brigand is severely wounded.
The kobold brigand hits you but does no damage.
You are electrocuted!
The kobold hits you but does no damage.
You hit the kobold brigand.
The kobold brigand is almost dead.
The kobold brigand hits you but does no damage.
You are electrocuted!
Your body deteriorates!
You feel clumsy. The kobold barely misses you.
You are too injured to fight recklessly!
You are too injured to fight recklessly!
You are too injured to fight recklessly!
You are too injured to fight recklessly!
You are too injured to fight recklessly!
You are too injured to fight recklessly!
You are too injured to fight recklessly!
You are too injured to fight recklessly!
You are too injured to fight recklessly!
You are too injured to fight recklessly!
You are too injured to fight recklessly!
You are too injured to fight recklessly!
You are too injured to fight recklessly!
You are too injured to fight recklessly!
You are too injured to fight recklessly!
You are too injured to fight recklessly!
You completely miss the kobold brigand.
The kobold brigand is almost dead.
The kobold brigand hits you but does no damage.
You are electrocuted!
* * * LOW HITPOINT WARNING * * *
The kobold hits you but does no damage. The kobold barely misses you.
The kobold brigand hits you but does no damage.
You are electrocuted!
You die...

≈≈≈≈≈≈≈≈≈≈≈≈≈≈≈≈≈≈≈≈
≈≈≈≈≈≈≈≈≈≈≈≈≈≈≈≈≈≈≈≈
≈≈≈≈≈≈≈≈≈≈≈≈~~≈≈≈≈~~
≈≈≈≈≈≈≈≈~≈≈~##.~~~~ ≈
≈≈≈≈≈≈≈.†####...... ≈≈##
####~≈.~..##.....##
≈≈#.!#..#~~~......††..##
≈≈#?..K.#.........†..###
#..K@'......####.....
≈≈#!....#....### ##....
≈≈#!!#..###### #####
≈≈## #### ≈


You could see a kobold brigand and a kobold.

Vanquished Creatures
  Duvessa (D:5)
  A phantom (D:5)
  A kobold brigand (Sewer)
  A scorpion (D:5)
  Dowan (D:5)
  2 howler monkeys
  A hound (D:4)
  A jelly (D:4)
  A sleepcap (D:5)
  An orc wizard (D:5)
  An iguana (D:5)
  Robin (D:2)
  3 gnolls (D:4)
  15 adders
  7 river rats
  2 ufetubi (D:4)
  2 dart slugs (D:3)
  4 ribbon worms
  4 orcs
  10 ball pythons
  3 bats (D:2)
  5 endoplasms
  7 giant cockroaches
  12 goblins
  4 hobgoblins
  9 jackals
  4 quokkas
  5 frilled lizards
  20 kobolds
  20 rats
149 creatures vanquished.

Vanquished Creatures (collateral kills)
  A ribbon worm (D:2)
  A frilled lizard (D:2)
2 creatures vanquished.

Grand Total: 151 creatures vanquished

Notes
Turn   | Place    | Note
-------+----------+-------------------------------------------
     0 | D:1      | Xavori the Djinni Chaos Knight began the quest for the Orb.
     0 | D:1      | Reached XP level 1. HP: 20/20 MP: 0/0
    47 | D:1      | XOM: silly message
    57 | D:1      | Reached XP level 2. HP: 25/25 MP: 0/0
   380 | D:1      | Reached skill level 3 in Long Blades
   692 | D:1      | XOM: summons 2 hostile shadow creatures
  1043 | D:1      | XOM: noise
  1655 | D:1      | XOM: cloud trail
  2050 | D:1      | XOM: cloud trail
  2059 | D:1      | XOM: god gift: stone
  2141 | D:1      | XOM: god gift: metallic purple potion {god gift}
  2235 | D:1      | XOM: scenery: summon butterflies
  2750 | D:1      | XOM is BORED!
  2750 | D:1      | XOM: give mutations
  2750 | D:1      | Gained mutation: Your spells are a little harder to cast,
                  | but a little more powerful. [Xom's mischief]
  2750 | D:1      | Gained mutation: You have a pair of small antennae on your
                  | head. [Xom's mischief]
  2750 | D:1      | Gained mutation: You have hidden genetic potential. [Xom's
                  | mischief]
  4353 | D:1      | XOM: cloud trail
  4654 | D:1      | XOM: cloud trail
  5097 | D:1      | XOM: noise
  5231 | D:1      | XOM: god gift: lightning rod (4/4)
  5277 | D:1      | XOM: cloud trail
  6332 | D:1      | XOM: give mutation
  6332 | D:1      | Gained mutation: You are partially covered in iridescent
                  | scales. (AC +2) [Xom's grace]
  6818 | D:1      | XOM: god gift: clear potion {god gift}
  7151 | D:1      | XOM: give mutations
  7151 | D:1      | Gained mutation: You are clumsy. (Dex -2) [Xom's mischief]
  7151 | D:1      | Gained mutation: Your body sometimes deteriorates upon
                  | taking damage. [Xom's mischief]
  7151 | D:1      | Lost mutation: Your body sometimes deteriorates upon taking
                  | damage. [Xom's mischief]
  7396 | D:1      | XOM: silly message
  7447 | D:1      | XOM: give mutations
  7447 | D:1      | Gained mutation: Armour fits poorly on your strangely
                  | shaped body. [Xom's mischief]
  7447 | D:1      | Gained mutation: Your flesh is almost immune to the effects
                  | of heat. (rF+++) [Xom's mischief]
  7824 | D:1      | XOM: divination: detect creatures
  8201 | D:1      | XOM is BORED!
  8201 | D:1      | XOM: give mutations
  8201 | D:1      | Lost mutation: Armour fits poorly on your strangely shaped
                  | body. [Xom's mischief]
  8201 | D:1      | Gained mutation: You are dopey. (Int -2) [Xom's mischief]
  8201 | D:1      | Lost mutation: Your flesh is almost immune to the effects
                  | of heat. (rF+++) [Xom's mischief]
  8201 | D:1      | Gained mutation: You are robust. (+10% HP) [Xom's mischief]
  8328 | D:2      | You are sucked into a shaft and drop 2 floors!
  8328 | D:4      | XOM: stealth player
  8357 | D:3      | XOM: silly message
  8388 | D:2      | Reached XP level 3. HP: 27/33 MP: 0/0
  8388 | D:2      | Learned a level 1 spell: Sting
  8665 | D:2      | Noticed Robin
  8690 | D:2      | XOM: blink monster(s)
  8698 | D:2      | XOM: confusion (+ monsters)
  8709 | D:2      | XOM: smoke on damage
  8711 | D:2      | Killed Robin
  8714 | D:2      | Gained mutation: You have supernaturally acute eyesight.
                  | (SInv) [hidden potential]
  8747 | D:2      | XOM: silly message
  8762 | D:2      | XOM: give mutation
  8762 | D:2      | Lost mutation: You have supernaturally acute eyesight.
                  | (SInv) [Xom's mischief]
  8774 | D:2      | XOM: give mutations
  8774 | D:2      | Lost mutation: Your spells are a little harder to cast, but
                  | a little more powerful. [Xom's mischief]
  8774 | D:2      | Lost mutation: You are clumsy. (Dex -2) [Xom's mischief]
  8821 | D:2      | Reached XP level 4. HP: 36/38 MP: 0/0
  8867 | D:2      | XOM: summons 4 friendly demons
  9124 | D:2      | Gained mutation: You are very robust. (+20% HP) [hidden
                  | potential]
  9124 | D:2      | Lost mutation: You have hidden genetic potential. [hidden
                  | potential expressed]
  9666 | D:3      | Reached skill level 1 in Evocations
  9666 | D:3      | Reached XP level 5. HP: 48/48 MP: 0/0
  9666 | D:3      | Learned a level 2 spell: Call Imp
  9719 | D:3      | Reached skill level 1 in Spellcasting
  9719 | D:3      | Reached skill level 1 in Conjurations
  9719 | D:3      | Reached skill level 1 in Hexes
  9719 | D:3      | Reached skill level 1 in Summonings
  9719 | D:3      | Reached skill level 1 in Necromancy
  9719 | D:3      | Reached skill level 1 in Translocations
  9719 | D:3      | Reached skill level 1 in Fire Magic
  9719 | D:3      | Reached skill level 1 in Ice Magic
  9719 | D:3      | Reached skill level 1 in Air Magic
  9719 | D:3      | Reached skill level 1 in Earth Magic
  9719 | D:3      | Reached skill level 1 in Alchemy
  9726 | D:3      | Identified the +6 scale mail "Irho" {Int+2}
  9768 | D:3      | XOM: give mutations
  9768 | D:3      | Gained mutation: Your body sometimes deteriorates upon
                  | taking damage. [Xom's mischief]
  9768 | D:3      | Gained mutation: You possess an exceptional clarity of
                  | mind. [Xom's mischief]
  9773 | D:3      | Found a burning altar of Makhleb.
  9820 | D:3      | XOM: 1-stop teleportation journey
 10143 | D:3      | Found Mighe's Weapon Boutique.
 10422 | D:4      | Reached XP level 6. HP: 55/55 MP: 0/0
 10495 | D:4      | Reached skill level 4 in Long Blades
 10509 | D:4      | XOM: 1-stop teleportation journey
 10740 | D:4      | Found a staircase to the Ecumenical Temple.
 10747 | D:4      | XOM: noise
 11113 | D:5      | Entered Level 5 of the Dungeon
 11154 | D:5      | Noticed a water moccasin
 11155 | D:5      | Noticed RancidPinata's ghost (weakling GrDe)
 11158 | D:5      | Found a runed translucent gate.
 11159 | D:5      | Found a runed translucent gate.
 11159 | D:5      | Found a runed translucent gate.
 11178 | D:5      | Reached XP level 7. HP: 61/61 MP: 0/0
 11178 | D:5      | Learned a level 3 spell: Stone Arrow
 11454 | D:5      | Found a glowing drain.
 11454 | D:5      | Noticed Duvessa
 11454 | D:5      | Noticed Dowan
 11474 | D:5      | Killed Duvessa
 11475 | D:5      | Reached skill level 5 in Long Blades
 11481 | D:5      | Killed Dowan
 11482 | D:5      | Reached XP level 8. HP: 15/69 MP: 0/0
 11601 | Sewer    | Entered a sewer
 12067 | Sewer    | Slain by a kobold brigand

Illustrated notes

Levels and vault maps discovered:
D:1:      tarquinn_simple_flora_water_c, layout_rooms
D:2:      layout_basic, due_unseen_surprise, uniq_robin
D:3:      minmay_spotlight, layout_loops_cross, bloody_makhleb, serial_shops,
          nicolae_shop_trees, kennysheep_generic_room_11
D:4:      layout_cave_pools, minmay_temple_entry_nine_rooms
D:5:      layout_basic, kiku_gazebo_pond_becter, gammafunk_ghost_split,
          portal_sewer_entry_c, uniq_duvessa, uniq_eustachio, uniq_sigmund,
          uniq_pikel
Sewer:    sewer_minmay_treatment

Skill      XL: |  1  2  3  4  5  6  7  8 |
---------------+-------------------------+-----
Long Blades    | 3 4 5 |  5.6
Evocations     | 1 2 3 |  3.2
Armour         | 2 3 4 |  4.0
Spellcasting   | 1 2 |  2.1
Conjurations   | 1 2 |  2.1
Hexes          | 1 2 |  2.1
Summonings     | 1 2 |  2.1
Necromancy     | 1 2 |  2.1
Translocations | 1 2 |  2.1
Fire Magic     | 1 2 |  2.1
Ice Magic      | 1 2 |  2.1
Air Magic      | 1 2 |  2.1
Earth Magic    | 1 2 |  2.1
Alchemy        | 1 2 |  2.1
Dodging        | 3 |  3.3
Fighting       | 4 |  4.2

Action                     |  1- 3 |  4- 6 |  7- 9 || total
---------------------------+-------+-------+-------++-------
  Melee: Falchion          |    97 |   186 |   224 ||   507
         Punch             |       |     1 |     2 ||     3
    Use: Scroll            |       |     4 |       ||     4
 Armour: Leather armour    |    74 |    35 |       ||   109
         Scale mail        |       |   111 |   214 ||   325
  Dodge: Dodged            |    76 |   135 |   148 ||   359
